[Event "Titled Tuesday Blitz January 25 2022"]
[White "Stankovic, Ivan G"]
[Black "Papp, Levente"]
[WhiteFideId "902837"]
[BlackFideId "751243"]
[WhiteElo "2195"]
[BlackElo "2308"]
[Result "0-1"]
[Round "10"]
[TimeControl "180+1"]
[Date "2022.01.26"]
[WhiteClock "0:00:12"]
[BlackClock "0:00:57"]

1. e4 e6 2. d3 d5 3. Nd2 Nf6 4. Ngf3 Nc6 5. g3 Bd6 6. Bg2 O-O 7. O-O e5 8. Re1 dxe4 9. dxe4 Qe7 10. c3 h6 11. Qc2 Be6 12. Nf1 Rad8 13. Ne3 Bc5 14. Nh4 g6 15. b4 Bb6 16. a4 a5 17. Nd5 Nxd5 18. exd5 Bxd5 19. Bxh6 Rfe8 20. b5 Bxg2 21. Kxg2 Nb8 22. Nxg6 Qf6 23. Nxe5 Rxe5 24. Bf4 Re6 25. Rxe6 Qxe6 26. Bg5 Qd5+ 27. Kg1 Qxg5 0-1


[Site "https://www.chess.com"]

[Event "Titled Tuesday Blitz January 25 2022"]
[White "Stribuk, Artiom"]
[Black "Song, Michael"]
[WhiteFideId "13515659"]
[BlackFideId "2613190"]
[WhiteElo "2224"]
[BlackElo "2274"]
[Result "1-0"]
[Round "10"]
[TimeControl "180+1"]
[Date "2022.01.26"]
[WhiteClock "0:00:06"]
[BlackClock "0:00:09"]

1. d4 Nf6 2. c4 e6 3. g3 d5 4. Nf3 Be7 5. Bg2 O-O 6. O-O c6 7. Qc2 Nbd7 8. Nbd2 b6 9. e4 dxe4 10. Nxe4 Bb7 11. Rd1 Rc8 12. Bf4 Nxe4 13. Qxe4 Nf6 14. Qe2 Bd6 15. Ne5 Qe7 16. a3 Rfd8 17. b4 c5 18. Bxb7 Qxb7 19. dxc5 bxc5 20. b5 Bxe5 21. Bxe5 Ne4 22. Qg4 f5 23. Qf4 g5 24. Qe3 g4 25. h3 h5 26. Qh6 Qh7 27. Qxe6+ Qf7 28. Qxf7+ Kxf7 29. hxg4 hxg4 30. Kg2 Ke6 31. Bf4 Rd4 32. Rac1 Rcd8 33. Rh1 Rd3 34. Rh6+ Kf7 35. Rh7+ Kg8 36. Rch1 R8d7 37. Rh8+ Kf7 38. R1h7+ Kg6 39. Rh6+ Kf7 40. R8h7+ Kg8 41. Rxd7 Rxd7 42. Rc6 Kf7 43. a4 Rd4 44. Rc7+ Ke6 45. Rxa7 Rxc4 46. b6 Rb4 47. a5 c4 48. b7 Nd6 49. a6 c3 50. Bxd6 Kxd6 51. Ra8 c2 52. Rc8 1-0


[Site "https://www.chess.com"]

[Event "Titled Tuesday Blitz January 25 2022"]
[White "Sumaneev, Dmitry"]
[Black "Djidjeli, Sarah"]
[WhiteFideId "4125312"]
[BlackFideId "36067474"]
[WhiteElo "2553"]
[BlackElo "1990"]
[Result "0-1"]
[Round "10"]
[TimeControl "180+1"]
[Date "2022.01.26"]
[WhiteClock "0:00:08"]
[BlackClock "0:00:21"]

1. e4 c5 2. c3 d5 3. exd5 Qxd5 4. d4 Nc6 5. Nf3 Bg4 6. Be2 e6 7. O-O Bd6 8. h3 Bh5 9. c4 Qf5 10. dxc5 Bxc5 11. Nc3 Nge7 12. Na4 Bb4 13. a3 Ba5 14. b4 Bc7 15. Nc5 Bxf3 16. Bxf3 Rd8 17. Qe1 Nd4 18. Qe4 Nxf3+ 19. Qxf3 Qe5 20. g3 Qxa1 21. Bf4 Qf6 22. Qxb7 Bxf4 23. Qb5+ Kf8 24. Nd7+ Rxd7 25. Qxd7 g6 26. gxf4 Qxf4 27. Qd8+ Kg7 28. Qxe7 Qxc4 29. Qd6 Qc3 30. Rd1 Rc8 31. Rd3 Qe1+ 32. Kg2 Qe4+ 33. Kg3 Rc4 34. b5 Qh4+ 35. Kg2 Qe4+ 36. Kg3 h5 37. Re3 h4+ 38. Kh2 Qf5 39. Qe5+ Qxe5+ 40. Rxe5 Rc2 41. Kg2 Rc3 42. a4 Rc4 43. a5 Ra4 44. a6 Rb4 45. Rc5 Kf6 46. Rc7 Rxb5 47. Rxa7 Ra5 48. Kf3 Ra3+ 49. Kg2 Kg5 50. Rxf7 Rxa6 51. Rf3 e5 52. Rf8 Ra2 53. Re8 Kf4 54. Rf8+ Ke4 55. Rg8 Ra6 56. Rh8 g5 57. Rg8 Kf5 58. Rf8+ Rf6 59. Re8 e4 60. Re7 Kf4 61. Re8 Rf5 62. Re7 Rf6 63. Re8 Kf5 64. Re7 Rb6 65. Rf7+ Kg6 66. Re7 Rb4 67. Re8 Kf6 68. Rf8+ Kg6 69. Re8 Kf7 70. Re5 Kf6 71. Re8 Rc4 72. Rf8+ Ke7 73. Rg8 Rc5 74. Rg7+ Kd6 75. Rg8 Rf5 76. Rd8+ Kc5 77. Re8 Kd4 78. Rd8+ Kc3 79. Re8 Kd3 80. Rd8+ Ke2 81. Re8 Rxf2+ 82. Kg1 e3 83. Re5 Rf3 84. Rxg5 Rg3+ 85. Rxg3 hxg3 86. Kg2 Kd2 87. h4 e2 88. h5 e1=Q 89. h6 Qe6 90. h7 Qh6 91. h8=Q Qxh8 0-1


[Site "https://www.chess.com"]

[Event "Titled Tuesday Blitz January 25 2022"]
[White "Svane, Frederik"]
[Black "Mustafayev, Farid"]
[WhiteFideId "12923044"]
[BlackFideId "13408771"]
[WhiteElo "2459"]
[BlackElo "2129"]
[Result "1/2-1/2"]
[Round "10"]
[TimeControl "180+1"]
[Date "2022.01.26"]
[WhiteClock "0:00:05"]
[BlackClock "0:00:24"]

1. e4 Nf6 2. e5 Nd5 3. Nc3 Nb6 4. a4 a5 5. d4 d6 6. exd6 cxd6 7. Nf3 g6 8. Bb5+ Bd7 9. O-O Bg7 10. Re1 O-O 11. Bg5 Re8 12. Qe2 Bxb5 13. Nxb5 Nc6 14. c3 Qd7 15. Qd3 Na7 16. d5 Nxb5 17. axb5 Qc7 18. Re4 Nd7 19. Qe2 f6 20. Be3 f5 21. Rc4 Qd8 22. Ng5 Nf8 23. b6 e5 24. dxe6 Nxe6 25. Nxe6 Rxe6 26. Rc7 d5 27. Rxb7 Be5 28. Qb5 f4 29. Bd4 Bxd4 30. cxd4 f3 31. Qd7 Qxd7 32. Rxd7 Rxb6 33. gxf3 Rxb2 34. Re1 Rb3 35. Ree7 Rxf3 36. Rg7+ Kf8 37. Rxh7 Kg8 38. Rdg7+ Kf8 39. Rd7 Kg8 40. Rhg7+ Kf8 41. Rh7 1/2-1/2


[Site "https://www.chess.com"]

[Event "Titled Tuesday Blitz January 25 2022"]
[White "Szpar, Milosz"]
[Black "Piorun, Kacper"]
[WhiteFideId "1184989"]
[BlackFideId "1130420"]
[WhiteElo "2447"]
[BlackElo "2571"]
[Result "0-1"]
[Round "10"]
[TimeControl "180+1"]
[Date "2022.01.26"]
[WhiteClock "0:00:06"]
[BlackClock "0:00:09"]

1. e4 g6 2. d4 Bg7 3. Nf3 c6 4. Bd3 d5 5. e5 Nh6 6. Nbd2 f6 7. exf6 exf6 8. O-O O-O 9. Re1 Nf7 10. b3 Nd7 11. Ba3 Re8 12. Nf1 Nf8 13. h3 Bd7 14. Ne3 Qa5 15. Qc1 Ne6 16. c4 Rac8 17. Qb2 Nf4 18. Bf1 dxc4 19. bxc4 b6 20. Kh2 f5 21. Rad1 Rcd8 22. Qb3 Bc8 23. Bb4 Qa6 24. g3 Ne6 25. c5 Qb7 26. Bc4 b5 27. Bf1 Nxd4 28. Nxd4 Bxd4 29. Nc2 Bf6 30. Rxd8 Rxd8 31. Bc3 Bxc3 32. Qxc3 Qd7 33. Qf6 Re8 34. Rxe8+ Qxe8 35. Bg2 Bd7 36. f4 Qd8 37. Qd4 Qe7 38. Nb4 Qe6 39. h4 a5 40. Nd3 Be8 41. Ne5 Nxe5 42. fxe5 Kf8 43. a3 Ke7 44. Qf4 Bd7 45. Qg5+ Ke8 46. Qf4 b4 47. axb4 axb4 48. Qxb4 Qxe5 49. Bf3 Ke7 50. Kg2 h6 51. Kf2 g5 52. hxg5 hxg5 53. Qc4 Qb2+ 54. Be2 Be6 55. Qd3 Qe5 56. Qe3 Kf6 57. Qa3 Qd4+ 58. Qe3 Qxe3+ 59. Kxe3 Ke5 60. Bf3 Bd5 61. Be2 Be4 62. Bc4 f4+ 63. gxf4+ gxf4+ 64. Kf2 Kd4 65. Bf7 Kxc5 0-1


[Site "https://www.chess.com"]

[Event "Titled Tuesday Blitz January 25 2022"]
[White "Tanenbaum, Zachary"]
[Black "Maksimovic, Bojan"]
[WhiteFideId "2060850"]
[BlackFideId "14408120"]
[WhiteElo "2168"]
[BlackElo "2450"]
[Result "1-0"]
[Round "10"]
[TimeControl "180+1"]
[Date "2022.01.26"]
[WhiteClock "0:00:18"]
[BlackClock "0:00:18"]

1. e4 g6 2. d4 Bg7 3. Nc3 d6 4. Bg5 a6 5. Qd2 b5 6. O-O-O Bb7 7. Nf3 Nd7 8. Bd3 h6 9. Bh4 c5 10. dxc5 Nxc5 11. Rhe1 Rc8 12. Kb1 Nxd3 13. Qxd3 Qc7 14. Nd5 Qc4 15. e5 dxe5 16. Nxe5 Qxd3 17. Rxd3 g5 18. Bg3 Nf6 19. Nxe7 Ra8 20. Nf3 Ne4 21. Nd5 f5 22. Nc7+ Kf7 23. Rd7+ Kg6 24. Nxa8 Bxa8 25. Be5 Bxe5 26. Nxe5+ Kf6 27. Nd3 g4 28. f3 gxf3 29. gxf3 Nd2+ 30. Kc1 Nxf3 31. Ree7 Nxh2 32. Rg7 Ng4 33. Rdf7+ Ke6 34. Nf4+ Ke5 35. Ng6+ Ke4 36. Nxh8 1-0


[Site "https://www.chess.com"]

[Event "Titled Tuesday Blitz January 25 2022"]
[White "Tregubov, Pavel V."]
[Black "Pranav, V"]
[WhiteFideId "4115341"]
[BlackFideId "25060783"]
[WhiteElo "2341"]
[BlackElo "2349"]
[Result "1-0"]
[Round "10"]
[TimeControl "180+1"]
[Date "2022.01.26"]
[WhiteClock "0:00:41"]
[BlackClock "0:00:01"]

1. e4 e5 2. Nf3 Nc6 3. Bb5 a6 4. Ba4 d6 5. d4 exd4 6. Nxd4 Bd7 7. Bxc6 bxc6 8. O-O Nf6 9. Qf3 Ng4 10. h3 Ne5 11. Qg3 Ng6 12. Nf5 Qf6 13. Nc3 Bxf5 14. Bg5 Qe5 15. exf5 Qxg3 16. fxg3 Ne5 17. f6 h6 18. Be3 gxf6 19. Ne4 Bg7 20. Nxf6+ Bxf6 21. Rxf6 Ke7 22. Rxh6 Rhg8 23. g4 Rab8 24. b3 Rb4 25. c4 a5 26. Bd2 Rb7 27. Bxa5 d5 28. Bc3 Nd3 29. Rd1 Nf4 30. Re1+ Kf8 31. Rxc6 dxc4 32. Rxc4 Ne6 33. Ra4 Ke7 34. Rf4 Ra8 35. Re2 Rxa2 36. Rxf7+ Kxf7 37. Rxa2 Rxb3 38. Be5 c5 39. Ra7+ Kg6 40. Re7 Ng5 41. h4 Ne4 42. h5+ Kg5 43. Rg7+ Kh4 44. h6 Rb1+ 45. Kh2 Ng5 46. Bf6 1-0


[Site "https://www.chess.com"]

[Event "Titled Tuesday Blitz January 25 2022"]
[White "Tymrakiewicz, Rafal"]
[Black "Goryachkina, Aleksandra"]
[WhiteFideId "1108832"]
[BlackFideId "4147103"]
[WhiteElo "2205"]
[BlackElo "2426"]
[Result "0-1"]
[Round "10"]
[TimeControl "180+1"]
[Date "2022.01.26"]
[WhiteClock "0:00:02"]
[BlackClock "0:00:03"]

1. e4 e6 2. d4 d5 3. e5 c5 4. c3 Nc6 5. Nf3 Nge7 6. h4 Bd7 7. Bd3 cxd4 8. cxd4 Qb6 9. O-O Nxd4 10. Nbd2 Nxf3+ 11. Nxf3 Nc6 12. a3 h6 13. b4 Be7 14. Be3 Qd8 15. h5 a6 16. Rc1 Rc8 17. Qd2 Nb8 18. Rxc8 Bxc8 19. Nd4 Nc6 20. Nxc6 bxc6 21. Bd4 O-O 22. Rc1 Bb7 23. Qe3 Qd7 24. f4 f6 25. Bb1 fxe5 26. Bxe5 Bf6 27. Qd3 Bxe5 28. Qh7+ Kf7 29. fxe5 Ke8 30. Bd3 Kd8 31. a4 Qe7 32. b5 axb5 33. axb5 c5 34. Bf1 Qg5 35. Qb1 c4 36. Re1 Qg3 37. Qb4 Qf2+ 38. Kh2 Qh4+ 39. Kg1 Qd4+ 40. Kh2 Qh4+ 41. Kg1 Qe7 42. Qa5+ Qc7 43. b6 Qc6 0-1


[Site "https://www.chess.com"]

[Event "Titled Tuesday Blitz January 25 2022"]
[White "Visakh N R"]
[Black "Artemenko, Oleg"]
[WhiteFideId "25012223"]
[BlackFideId "14201798"]
[WhiteElo "2454"]
[BlackElo "2287"]
[Result "1/2-1/2"]
[Round "10"]
[TimeControl "180+1"]
[Date "2022.01.26"]
[WhiteClock "0:01:08"]
[BlackClock "0:01:06"]

1. e4 e6 2. d4 d5 3. Nd2 c5 4. exd5 Qxd5 5. Ngf3 cxd4 6. Bc4 Qd7 7. O-O Nc6 8. Nb3 Nf6 9. Nbxd4 Nxd4 10. Nxd4 a6 11. a4 Qc7 12. Qe2 Bd6 13. Nf5 Bxh2+ 14. Kh1 O-O 15. Nh4 Bf4 16. g3 Bxc1 17. Raxc1 e5 18. Bb3 Bd7 19. Rfe1 Rfe8 20. Kg1 Rad8 21. Rcd1 e4 22. Rd4 Bg4 23. Qc4 Qxc4 24. Rxc4 g5 25. Ng2 Be6 26. Rb4 Bxb3 27. Rxb3 Rd2 28. Rxb7 Ng4 29. Rf1 Rxc2 30. Ne3 Nxe3 31. fxe3 Rd8 32. Rfxf7 Rd1+ 33. Rf1 Rdd2 34. Rff7 Rxb2 35. Rg7+ Kf8 36. Rgf7+ Kg8 37. Rg7+ Kf8 38. Rgf7+ Ke8 39. Rxb2 Rxb2 40. Rxh7 Ra2 41. Rg7 Rxa4 42. Rxg5 Kf7 43. Kg2 Kf6 44. Rh5 Ra2+ 45. Kh3 Re2 46. Rh6+ Kg5 47. Rxa6 Rxe3 48. Ra5+ Kf6 49. Kg4 Re1 50. Kf4 e3 51. Ra6+ Kg7 52. Re6 e2 53. Kg5 Rg1 54. Rxe2 Rxg3+ 55. Kf4 Ra3 56. Re3 Rxe3 57. Kxe3 1/2-1/2


[Site "https://www.chess.com"]

[Event "Titled Tuesday Blitz January 25 2022"]
[White "Vokhidov, Shamsiddin"]
[Black "Belyakov, Bogdan"]
[WhiteFideId "14204223"]
[BlackFideId "24104795"]
[WhiteElo "2611"]
[BlackElo "2407"]
[Result "1/2-1/2"]
[Round "10"]
[TimeControl "180+1"]
[Date "2022.01.26"]
[WhiteClock "0:00:21"]
[BlackClock "0:00:21"]

1. e4 e5 2. Nf3 Nc6 3. Bb5 Nf6 4. d3 Bc5 5. Bxc6 dxc6 6. Nbd2 Be6 7. O-O Bd6 8. b3 Nd7 9. Nc4 Bxc4 10. bxc4 b6 11. Bg5 Be7 12. Be3 O-O 13. g3 a5 14. h4 Bc5 15. Bxc5 bxc5 16. Rb1 Qe7 17. Qd2 h6 18. Qe3 Rab8 19. Kg2 Rb6 20. Rxb6 cxb6 21. a4 Nf6 22. Nh2 Qe6 23. Rb1 Rb8 24. f4 exf4 25. Qxf4 Rb7 26. g4 Nd7 27. Nf3 Nf6 28. Kg3 Qd7 29. Qf5 Qc7+ 30. Kg2 Qe7 31. Ne5 Qd6 32. Rf1 Re7 33. Nxf7 Rxf7 34. g5 hxg5 35. hxg5 Qd7 36. gxf6 Qxf5 37. Rxf5 Rxf6 38. Rxf6 gxf6 39. Kf3 Kf7 40. Ke3 Ke6 41. c3 f5 42. d4 cxd4+ 43. cxd4 fxe4 44. Kxe4 Kd6 45. Ke3 Ke6 46. Ke4 Kd6 47. Kd3 Ke6 48. Ke3 Kd7 49. Ke4 Kd6 1/2-1/2


[Site "https://www.chess.com"]

[Event "Titled Tuesday Blitz January 25 2022"]
[White "Wagner, Dennis"]
[Black "Piesik, Piotr"]
[WhiteFideId "24650684"]
[BlackFideId "1136194"]
[WhiteElo "2355"]
[BlackElo "2232"]
[Result "0-1"]
[Round "10"]
[TimeControl "180+1"]
[Date "2022.01.26"]
[WhiteClock "0:00:07"]
[BlackClock "0:01:34"]

1. d4 c5 2. e4 cxd4 3. Nf3 d6 4. Nxd4 Nf6 5. Nc3 a6 6. Bg5 e6 7. f4 h6 8. Bh4 Be7 9. Qf3 Qc7 10. O-O-O Nbd7 11. Bd3 b5 12. Rhe1 Bb7 13. a3 Nc5 14. Kb1 O-O-O 15. Bf2 Kb8 16. Nb3 Nfd7 17. Qe2 Nxd3 18. cxd3 Nc5 19. Nd2 d5 20. Nf3 dxe4 21. dxe4 Rxd1+ 22. Rxd1 Rd8 23. Rxd8+ Qxd8 24. Bd4 f6 25. Qe3 Nb3 26. Ba7+ Ka8 27. Bb6 Qc8 28. Nxb5 axb5 29. Qxb3 Bxe4+ 30. Ka2 Bd5 0-1


[Site "https://www.chess.com"]

[Event "Titled Tuesday Blitz January 25 2022"]
[White "Weetik, Vjacheslav"]
[Black "Janaszak, Dawid"]
[WhiteFideId "4153472"]
[BlackFideId "1119206"]
[WhiteElo "2469"]
[BlackElo "2199"]
[Result "1-0"]
[Round "10"]
[TimeControl "180+1"]
[Date "2022.01.26"]
[WhiteClock "0:00:04"]
[BlackClock "0:00:01"]

1. g4 e5 2. d4 exd4 3. Qxd4 Nc6 4. Qa4 Bc5 5. Nc3 d5 6. Bf4 Ne7 7. Nf3 O-O 8. O-O-O Bd7 9. Nxd5 Nd4 10. Qc4 Nxd5 11. Qxc5 Nxf3 12. Qxd5 Bc6 13. Qxc6 Qxd1+ 14. Kxd1 Rad8+ 15. Qd6 cxd6 16. exf3 d5 17. Bd3 Rfe8 18. Kd2 Re6 19. Bg3 Rde8 20. f4 Rb6 21. b3 g6 22. h4 a5 23. a4 Rb4 24. h5 Kg7 25. f5 Rxg4 26. hxg6 fxg6 27. fxg6 hxg6 28. Rd1 Rg5 29. Bf4 Rh5 30. Be3 Rh4 31. c3 Kf7 32. Rg1 Rg8 33. Bd4 g5 34. Rg3 g4 35. Be2 Ke6 36. Re3+ Kd7 37. Be5 Re8 38. Bg3 Rxe3 39. Kxe3 Rh1 40. Bxg4+ Kc6 41. Kd3 Rb1 42. Kc2 Re1 43. Bf3 Rf1 44. Be2 Re1 45. Bb5+ Kc5 46. Bf4 d4 47. cxd4+ Kxd4 48. Be3+ Ke5 49. Kd3 Rd1+ 50. Ke2 Rb1 51. Bc4 Ke4 52. f3+ Ke5 53. Kd3 Rd1+ 54. Kc2 1-0


[Site "https://www.chess.com"]

[Event "Titled Tuesday Blitz January 25 2022"]
[White "Willow, Jonah B"]
[Black "De Silva, L M S T"]
[WhiteFideId "438804"]
[BlackFideId "9953698"]
[WhiteElo "2261"]
[BlackElo "1631"]
[Result "1/2-1/2"]
[Round "10"]
[TimeControl "180+1"]
[Date "2022.01.26"]
[WhiteClock "0:00:36"]
[BlackClock "0:00:04"]

1. e4 e5 2. Nf3 Nc6 3. Nc3 Nf6 4. Bb5 Bb4 5. O-O O-O 6. d3 Bxc3 7. bxc3 d6 8. Bg5 h6 9. Bh4 Qe7 10. Re1 Nb8 11. d4 c6 12. Bd3 Bg4 13. h3 Bh5 14. Rb1 b5 15. a4 a6 16. g4 Bg6 17. Qc1 Nbd7 18. Qa3 Qe6 19. Bg3 c5 20. d5 Qe8 21. c4 bxc4 22. Bxc4 Bxe4 23. Rbd1 Nb6 24. Nd2 Bxc2 25. Rc1 Qxa4 26. Qc3 Bg6 27. Ra1 Qd7 28. Qf3 e4 29. Qb3 Rfb8 30. Rxa6 Rxa6 31. Bxa6 Qa7 32. Bxd6 Rd8 33. Bxc5 Qxa6 34. Qxb6 Qc8 35. Be7 Rxd5 36. Bxf6 Rxd2 37. Be5 Qc2 38. Bf4 Rd3 39. Rc1 Rd1+ 40. Rxd1 Qxd1+ 41. Kh2 Qf3 42. Qe3 Qd1 43. Qd2 Qb3 44. Qd8+ Kh7 45. Qd7 f6 46. Be3 h5 47. g5 fxg5 48. Bd4 Qf7 49. Qd6 Qf4+ 50. Qxf4 gxf4 51. Be5 f3 52. Kg3 Kg8 53. Kf4 Kf7 54. Bd4 Bh7 55. h4 Kf8 56. Kg5 Kf7 57. Kf4 Bg6 58. Kg5 Bh7 59. Kxh5 Bf5 60. Kg5 Bh7 61. h5 Bg8 62. Kf5 Bh7+ 63. Kf4 Kg8 64. Ke5 Kf7 65. Kd6 Bg8 66. Ke5 Bh7 67. Kf4 Kg8 68. Kg5 Kf7 1/2-1/2


[Site "https://www.chess.com"]

[Event "Titled Tuesday Blitz January 25 2022"]
[White "Yaniuk, Volodymyr"]
[Black "Kazarian, Anna-Maja"]
[WhiteFideId "14133083"]
[BlackFideId "1033689"]
[WhiteElo "2207"]
[BlackElo "2004"]
[Result "1-0"]
[Round "10"]
[TimeControl "180+1"]
[Date "2022.01.26"]
[WhiteClock "0:00:37"]
[BlackClock "0:00:01"]

1. d4 d5 2. c4 e6 3. g3 Nf6 4. Bg2 Bb4+ 5. Bd2 Bxd2+ 6. Qxd2 O-O 7. Nf3 Ne4 8. Qc2 Nd7 9. O-O c6 10. Rd1 f5 11. Nc3 b6 12. Ne5 Nxe5 13. dxe5 Qe7 14. cxd5 cxd5 15. Nb5 Bd7 16. Nd4 Rac8 17. Qb3 g5 18. Rac1 Nc5 19. Qa3 a5 20. f4 gxf4 21. gxf4 Qh4 22. Qg3+ Qxg3 23. hxg3 Kf7 24. Kf2 Rg8 25. Rh1 Rg7 26. Rc3 Ke7 27. Rh6 b5 28. Rh1 b4 29. Rc2 Na4 30. Rhc1 Rgg8 31. a3 Rxc2 32. Rxc2 Rc8 33. axb4 axb4 34. b3 Nc3 35. Bf3 Ra8 36. Rc1 Ra2 37. Rh1 Nd1+ 38. Rxd1 Kf7 39. Rh1 Kg7 40. Rc1 Ra7 41. Rc5 Kf7 42. g4 fxg4 43. Bxg4 Ke7 44. Ke3 Ra3 45. Rc7 Kd8 46. Rb7 Kc8 47. Rxb4 Ra1 48. Bxe6 Bxe6 49. Nxe6 h5 50. f5 1-0


[Site "https://www.chess.com"]

[Event "Titled Tuesday Blitz January 25 2022"]
[White "Yuan, Qingyu"]
[Black "Karttunen, Mika"]
[WhiteFideId "8609772"]
[BlackFideId "502081"]
[WhiteElo "2359"]
[BlackElo "2343"]
[Result "1-0"]
[Round "10"]
[TimeControl "180+1"]
[Date "2022.01.26"]
[WhiteClock "0:00:22"]
[BlackClock "0:00:11"]

1. Nf3 Nf6 2. g3 d5 3. Bg2 e6 4. O-O Be7 5. d3 O-O 6. Nbd2 c5 7. e4 Nc6 8. Re1 b5 9. e5 Nd7 10. Nf1 a5 11. h4 a4 12. h5 h6 13. N1h2 Re8 14. Ng4 Bf8 15. Bf4 b4 16. a3 Ba6 17. axb4 cxb4 18. Rxa4 Bb5 19. Rxa8 Qxa8 20. Qc1 Kh7 21. Qb1 Qa6 22. Rd1 Nc5 23. Bf1 Kh8 24. Be3 Ra8 25. c4 bxc3 26. bxc3 Na4 27. Qc2 Rc8 28. c4 Nb4 29. cxb5 Rxc2 30. bxa6 Nxa6 31. Ra1 1-0


[Site "https://www.chess.com"]

[Event "Titled Tuesday Blitz January 25 2022"]
[White "Zherebtsova, Alexandra"]
[Black "Padmini, Rout"]
[WhiteFideId "24129518"]
[BlackFideId "5029295"]
[WhiteElo "2025"]
[BlackElo "2181"]
[Result "0-1"]
[Round "10"]
[TimeControl "180+1"]
[Date "2022.01.26"]
[WhiteClock "0:00:15"]
[BlackClock "0:01:42"]

1. d4 Nf6 2. c4 g6 3. Nc3 d5 4. e3 Bg7 5. Nf3 O-O 6. Qb3 c6 7. Bd2 Ne4 8. Nxe4 dxe4 9. Ng5 e5 10. Nxe4 exd4 11. O-O-O Re8 12. f3 Bf5 13. Ng3 Be6 14. Bc3 dxc3 15. Rxd8 cxb2+ 16. Kb1 Rxd8 17. Be2 Nd7 18. Ne4 Bf5 19. Bd3 Bxe4 20. Bxe4 Nc5 21. Qb4 Nxe4 22. fxe4 Rd7 23. Kc2 Rad8 24. Re1 Re8 25. Qc5 Rxe4 26. Qxa7 Rxc4+ 27. Kb3 Rc1 28. Qb8+ Bf8 0-1


[Site "https://www.chess.com"]

[Event "Titled Tuesday Blitz January 25 2022"]
[White "Zhigalko, Sergei"]
[Black "FGHSMN"]
[WhiteFideId "13502956"]
[WhiteElo "2662"]
[BlackElo "2721"]
[Result "1-0"]
[Round "10"]
[TimeControl "180+1"]
[Date "2022.01.26"]
[WhiteClock "0:00:07"]
[BlackClock "0:00:01"]

1. e4 c5 2. Nf3 d6 3. d4 cxd4 4. Qxd4 Nc6 5. Bb5 Bd7 6. Bxc6 Bxc6 7. Nc3 Nf6 8. Bg5 e6 9. O-O-O Be7 10. Rhe1 O-O 11. Kb1 Qa5 12. Qd2 Rfe8 13. Nd4 Rac8 14. f3 Qa6 15. g4 b5 16. Nce2 b4 17. Ng3 Qc4 18. Nh5 Nxh5 19. gxh5 Bxg5 20. Qxg5 h6 21. Qg3 f6 22. Rg1 Re7 23. Qxd6 Rd7 24. Qxe6+ Qxe6 25. Nxe6 Rxd1+ 26. Rxd1 Be8 27. Nf4 a6 28. Rd4 a5 29. Rd5 a4 30. Rd4 b3 31. axb3 axb3 32. cxb3 Bb5 33. Rd5 Rb8 34. Kc2 Rc8+ 35. Kd2 Rb8 36. b4 Bc6 37. Rc5 Bd7 38. Kc3 Kf7 39. Rc7 Ke7 40. h4 Kd6 41. Rc5 Ra8 42. Rd5+ Ke7 43. Ra5 Rc8+ 44. Kd2 Rc4 45. Ra7 Kd6 46. Ra6+ Ke7 47. Kd3 1-0


[Site "https://www.chess.com"]

[Event "Titled Tuesday Blitz January 25 2022"]
[White "Abarca Gonzalez, Nicolas"]
[Black "Szpar, Milosz"]
[WhiteFideId "3409422"]
[BlackFideId "1184989"]
[WhiteElo "2504"]
[BlackElo "2447"]
[Result "0-1"]
[Round "11"]
[TimeControl "180+1"]
[Date "2022.01.26"]
[WhiteClock "0:00:54"]
[BlackClock "0:00:51"]

1. e4 c5 2. Nf3 d6 3. Bc4 Nf6 4. e5 dxe5 5. Nxe5 e6 6. Qe2 Be7 7. O-O O-O 8. Re1 a6 9. a4 Qc7 10. a5 Nc6 11. Nxc6 Qxc6 12. Nc3 Bd7 13. b3 Rad8 14. Bb2 Qc7 15. d3 Bc6 16. Ne4 Nxe4 17. dxe4 Bf6 18. e5 Bg5 19. Bc3 Rd7 20. Rad1 Rfd8 21. g3 g6 22. f4 Be7 23. Kf2 Bd5 24. Bxd5 Rxd5 25. Rxd5 Rxd5 26. Rd1 Qc6 27. Rxd5 exd5 28. Qf3 Qd7 29. g4 Bh4+ 30. Kg2 d4 31. Bd2 Bd8 32. f5 Kg7 33. f6+ Kg8 34. Kg3 Bc7 35. Bf4 Bxa5 36. Qf1 Qd5 37. Qh3 Be1# 0-1


[Site "https://www.chess.com"]

[Event "Titled Tuesday Blitz January 25 2022"]
[White "Aditya Mittal"]
[Black "Tanenbaum, Zachary"]
[WhiteFideId "35042025"]
[BlackFideId "2060850"]
[WhiteElo "2287"]
[BlackElo "2168"]
[Result "1-0"]
[Round "11"]
[TimeControl "180+1"]
[Date "2022.01.26"]
[WhiteClock "0:00:18"]
[BlackClock "0:00:02"]

1. d4 d5 2. c4 dxc4 3. Nf3 a6 4. e4 b5 5. a4 Bb7 6. axb5 axb5 7. Rxa8 Bxa8 8. Nc3 b4 9. Qa4+ Nc6 10. Ne5 bxc3 11. Bxc4 e6 12. Nxc6 Bxc6 13. Qxc6+ Qd7 14. Qa8+ Ke7 15. bxc3 Nh6 16. Ba3+ Kf6 17. e5+ Kg6 18. Bxf8 f5 19. exf6 gxf6 20. Qa3 Nf5 21. Bd3 Kf7 22. Bc5 Nh4 23. Qc1 Nxg2+ 24. Kf1 Qd5 25. Rg1 Rg8 26. Qh6 Qf3 27. Qxh7+ Ke8 28. Qxg8+ Kd7 29. Bb5+ c6 30. Bxc6+ Kc7 31. Bxf3 1-0


[Site "https://www.chess.com"]

[Event "Titled Tuesday Blitz January 25 2022"]
[White "Agasarov, Benik"]
[Black "Ben Artzi, Ido"]
[WhiteFideId "13314823"]
[BlackFideId "2810913"]
[WhiteElo "2583"]
[BlackElo "2244"]
[Result "0-1"]
[Round "11"]
[TimeControl "180+1"]
[Date "2022.01.26"]
[WhiteClock "0:01:44"]
[BlackClock "0:01:27"]

1. e4 e5 2. Nc3 Nf6 3. Bc4 Nc6 4. d3 Na5 5. Nge2 Nxc4 6. dxc4 d6 7. b3 Be7 8. O-O O-O 9. Qd3 Be6 10. f3 Nd7 11. Be3 c6 12. Rad1 f5 13. exf5 Bxf5 14. Ne4 Nf6 15. N2g3 Bg6 16. Qc3 Nxe4 17. Nxe4 Qc7 18. Qd2 Rad8 19. Bg5 d5 20. Bxe7 Qxe7 21. cxd5 cxd5 22. Nf2 Qc5 23. c3 e4 24. fxe4 dxe4 25. Qxd8 Rxd8 26. Rxd8+ Kf7 27. Rd4 Ke6 28. Nxe4 Bxe4 29. Re1 Qxc3 30. Rdxe4+ Kd5 31. Re5+ Qxe5 32. Rxe5+ Kxe5 33. Kf2 Kd4 34. Kf3 Kc3 35. Ke4 Kb2 36. Kd5 Kxa2 37. b4 Kb3 38. b5 Kb4 39. Ke6 Kxb5 40. Kf7 a5 41. Kxg7 a4 42. Kxh7 a3 43. g4 a2 44. g5 a1=Q 45. g6 Qh1 46. g7 Qxh2+ 47. Kg6 Qg2+ 48. Kf6 Kc4 49. Kf7 b5 50. g8=Q Qxg8+ 51. Kxg8 b4 52. Kf7 b3 53. Ke6 b2 54. Kd6 b1=Q 55. Kc6 Qg6+ 56. Kc7 Kc5 57. Kb7 Qc6+ 58. Ka7 Qb5 59. Ka8 Kc6 60. Ka7 Qb7# 0-1


[Site "https://www.chess.com"]

[Event "Titled Tuesday Blitz January 25 2022"]
[White "Andreikin, Dmitry"]
[Black "Shevchenko, Kirill"]
[WhiteFideId "4158814"]
[BlackFideId "14129574"]
[WhiteElo "2736"]
[BlackElo "2624"]
[Result "1-0"]
[Round "11"]
[TimeControl "180+1"]
[Date "2022.01.26"]
[WhiteClock "0:00:06"]
[BlackClock "0:00:02"]

1. d4 Nf6 2. c4 g6 3. Nc3 Bg7 4. e4 d6 5. h3 O-O 6. Be3 Nc6 7. d5 Ne5 8. f4 Ned7 9. Nf3 c6 10. Bd3 cxd5 11. cxd5 b6 12. O-O Nc5 13. Bc2 Ba6 14. Re1 e6 15. b4 Ncd7 16. dxe6 fxe6 17. Qxd6 Rc8 18. Bd4 Ne8 19. Qxe6+ Kh8 20. Rad1 Bxd4+ 21. Rxd4 Rxc3 22. Rxd7 Qf6 23. Bb3 Rxf3 24. gxf3 Qxf4 25. Qg4 Qe5 26. Rd5 Qc3 27. Qg3 Nf6 28. Rg5 Nh5 29. Qe5+ Qxe5 30. Rxe5 Nf4 31. Re7 Nxh3+ 32. Kh2 Ng5 33. Rc1 Nxf3+ 34. Kg3 Ng5 35. Rcc7 Bd3 36. Bd5 Be2 37. Rxa7 h5 38. Kh4 Nf3+ 39. Kg3 Ng5 40. e5 Bg4 41. Kh4 Nf3+ 42. Bxf3 Rxf3 43. Re8+ 1-0


[Site "https://www.chess.com"]

[Event "Titled Tuesday Blitz January 25 2022"]
[White "Artemenko, Oleg"]
[Black "Stribuk, Artiom"]
[WhiteFideId "14201798"]
[BlackFideId "13515659"]
[WhiteElo "2287"]
[BlackElo "2224"]
[Result "1-0"]
[Round "11"]
[TimeControl "180+1"]
[Date "2022.01.26"]
[WhiteClock "0:01:05"]
[BlackClock "0:00:02"]

1. d4 Nf6 2. Nc3 d5 3. Bf4 Bf5 4. f3 e6 5. g4 Bg6 6. h4 h5 7. g5 Nfd7 8. e3 Be7 9. Bd3 O-O 10. Bxg6 fxg6 11. Qd3 Kh7 12. Nge2 c5 13. O-O-O Nc6 14. Bh2 Rxf3 15. Nf4 Nf8 16. Qe2 cxd4 17. exd4 Rxc3 18. bxc3 Qa5 19. Rd3 Qxa2 20. Rf1 Na5 21. Kd2 Nc4+ 22. Ke1 Bd6 23. Rdf3 Re8 24. Kf2 e5 25. Kg2 e4 26. R3f2 Bxf4 27. Rxf4 Ne6 28. Rf7 Qxc2 29. Qxc2 Ne3+ 30. Kg1 Nxc2 31. Rxb7 Ne3 32. Rff7 Nf5 33. Be5 e3 34. Rxa7 Rc8 35. Ra6 Rxc3 36. Rxf5 e2 37. Kf2 Re3 38. Ke1 gxf5 39. Rxe6 f4 40. g6+ 1-0


[Site "https://www.chess.com"]